COLORADO Avalanche vs EDMONTON Oilers

Created - 11 avril 2024 at 22:56

Goals
1 2 3 OT1 SO T
COLORADO Avalanche 0 1 0 0 1 1
EDMONTON Oilers 1 0 0 0 2 2
Shots
1 2 3 OT1 SO T
COLORADO Avalanche 12 12 10 3 5 37
EDMONTON Oilers 9 11 11 4 5 35

1st period

1. EDMONTON Oilers , Nico Sturm 11 (Kent Johnson 13, Denis Gurianov 8) at 10:52

Penalties :
Alex Wennberg (EDM) for Tripping (Minor) at 3:13, Moritz Seider (EDM) for Tripping (Minor) at 17:54

2nd period

2. COLORADO Avalanche , David Pastrnak 44 (Nick Schmaltz 46, Jake DeBrusk 39) at 13:50 (PP)

Penalties :
Moritz Seider (EDM) for Roughing (Minor) at 1:38, Jason Zucker (COL) for Tripping (Minor) at 10:19, Will Butcher (EDM) for Roughing (Minor) at 13:31

3rd period

No Goal

Penalties :
Drake Batherson (EDM) for Slashing (Minor) at 0:34, Tyson Barrie (COL) for Interference (Minor) at 3:54, Patrik Nemeth (COL) for High sticking (Minor) at 12:02, Craig Smith (COL) for Hooking (Minor) at 18:15

Overtime #1

No Goal

Penalties :
No Penalty

Shootout

COLORADO Avalanche, David Pastrnak - Goal!
EDMONTON Oilers, Owen Tippett - Goal!
COLORADO Avalanche, Jeff Skinner - Stopped by Adin Hill
EDMONTON Oilers, Alex Wennberg - Stopped by Jonathan Quick
COLORADO Avalanche, Jake DeBrusk - Stopped by Adin Hill
EDMONTON Oilers, Dylan Cozens - Shot Misses the Net
COLORADO Avalanche, Jordan Eberle - Stopped by Adin Hill
EDMONTON Oilers, Kyle Palmieri - Shot Misses the Net
COLORADO Avalanche, Jason Zucker - Stopped by Adin Hill
EDMONTON Oilers, Drake Batherson - Goal!

Penalties :
No Penalty

Goalie Stats

Jonathan Quick (COL), 34 saves from 35 shots - (0,971), OTL, 36-32-6, 65:00 minutes
Adin Hill (EDM), 36 saves from 37 shots - (0,973), W, 23-49-2, 65:00 minutes

Players Stats for COLORADO Avalanche

Player Name              G  A  P  +/- PIM S  H  SB GA TA FO     MP     PP MP  PK MP  
------------------------------------------------------------------------------------
Alex Iafallo             0  0  0   0  0   3  1  0  0  0  0/2    17:18   0:00   5:24 
Craig Smith              0  0  0   0  2   2  0  0  0  0  0/0     9:04   0:00   0:00 
David Pastrnak           1  0  1  -1  0   6  4  0  0  0  0/1    20:31   4:18   0:00 
Derek Forbort            0  0  0   0  0   0  2  2  0  0  0/0    26:07   0:00   4:19 
Jake DeBrusk             0  1  1  -1  0   1  1  0  0  0  1/2    20:31   4:18   0:00 
Jason Zucker             0  0  0   0  2   3  1  0  0  0  0/1    17:08   3:57   0:00 
Jeff Skinner             0  0  0   0  0   4  4  0  0  0  18/25  21:04   3:57   2:17 
Jordan Eberle            0  0  0   0  0   5  0  0  0  0  0/1    17:09   3:57   0:00 
Mark Pysyk               0  0  0   0  0   1  0  0  0  0  0/0    10:48   4:44   1:22 
Morgan Geekie            0  0  0   0  0   0  1  0  0  0  6/14    9:05   0:00   0:00 
Nick Foligno             0  0  0   0  0   2  0  0  0  0  0/1    10:03   0:00   2:17 
Nick Schmaltz            0  1  1  -1  0   2  0  1  0  0  10/22  20:46   4:18   0:15 
Oliver Ekman-Larsson     0  0  0  -1  0   2  2  2  0  0  0/0    23:27   3:31   0:00 
Patrik Nemeth            0  0  0   0  2   0  2  1  0  0  0/0    27:46   0:00   3:02 
Tomas Nosek              0  0  0   0  0   2  1  0  0  0  12/18  13:49   0:00   5:24 
Tyler Johnson            0  0  0   0  0   1  0  0  0  0  4/7     5:34   0:00   0:00 
Tyson Barrie             0  0  0  -1  2   3  5  3  0  0  0/0    26:31   3:31   3:02 
Zach Bogosian            0  0  0   0  0   0  0  0  0  0  0/0    10:34   4:44   4:07 

Players Stats for EDMONTON Oilers

Player Name              G  A  P  +/- PIM S  H  SB GA TA FO     MP     PP MP  PK MP  
------------------------------------------------------------------------------------
Alex Wennberg            0  0  0   0  2   3  1  0  0  0  14/31  22:15   4:34   4:03 
Alexander Romanov        0  0  0   0  0   0  3  0  0  0  0/0    26:00   3:50   4:50 
Denis Gurianov           0  1  1   1  0   1  0  0  0  0  1/1    12:07   1:00   0:26 
Drake Batherson          0  0  0   0  2   5  2  0  0  0  0/0    16:53   2:29   0:00 
Dylan Cozens             0  0  0   0  0   5  1  0  0  0  9/22   21:28   4:12   2:51 
Kent Johnson             0  1  1   1  0   3  0  0  0  0  1/5    11:03   3:07   0:00 
Kyle Palmieri            0  0  0   0  0   3  3  0  0  0  0/1    16:51   3:07   2:51 
Leo Komarov              0  0  0   0  0   1  0  0  0  0  2/5    13:44   0:22   0:00 
Michal Kempny            0  0  0   1  0   0  4  0  0  0  0/0    16:19   0:22   2:00 
Milan Lucic              0  0  0   0  0   1  2  0  0  0  0/0    12:32   0:00   0:00 
Moritz Seider            0  0  0   0  4   2  5  4  0  0  0/0    23:29   3:50   2:21 
Nico Sturm               1  0  1   1  0   4  2  0  0  0  7/12    7:56   0:00   0:00 
Nicolas Aube-Kubel       0  0  0   0  0   1  0  0  0  0  1/1    10:50   0:00   0:00 
Nikita Zaitsev           0  0  0   0  0   3  5  4  0  0  0/0    24:55   3:29   3:39 
Owen Tippett             0  0  0   0  0   1  2  0  0  0  8/15   24:10   4:12   5:18 
T.J. Oshie               0  0  0   0  0   2  0  0  0  0  0/1    11:54   0:00   1:01 
Tucker Poolman           0  0  0   0  0   0  1  1  0  0  0/0    19:47   3:29   0:28 
Will Butcher             0  0  0   1  2   0  2  0  0  0  0/0    14:42   0:22   3:12 

3 Stars

1 - Adin Hill (EDM)
2 - Jonathan Quick (COL)
3 - Nico Sturm (EDM)

Power Play

COLORADO Avalanche - 1 on 5 Attempt(s) - 20,00%
EDMONTON Oilers - 0 on 4 Attempt(s) - 0,00%

Penalty Kill

COLORADO Avalanche - 4 on 4 Attempt(s) - 100,00% - Score 0 goal in Penalty Kill
EDMONTON Oilers - 4 on 5 Attempt(s) - 80,00% - Score 0 goal in Penalty Kill

Team Stat

COLORADO Avalanche - Hits : 24 - Faceoff Wins : 51 - Blocked Shots : 9 - Penalty Minutes : 8
EDMONTON Oilers - Hits : 33 - Faceoff Wins : 43 - Blocked Shots : 9 - Penalty Minutes : 10

Official

Referees : Justin Kea and Tom Chmielewski
Linesman : Jackie Spresser and Erin Blair

Game Notes

No Game Note

Finance

Level 1 -- Attendance: 4661 (77,68%) -- Ticket Income $466,100
Level 2 -- Attendance: 5000 (100,00%) -- Ticket Income $275,000
Level 3 -- Attendance: 2548 (50,96%) -- Ticket Income $76,440
Level 4 -- Attendance: 4552 (91,04%) -- Ticket Income $81,936
Luxury Box -- Attendance: 942 (94,20%) -- Ticket Income $169,560
Game was played at the Rexall Place.
Total Attendance: 17703 (80,47%)
Total Ticket Income: $1,069,036
Other Income: $267,259
Total Income: $1,336,295

COLORADO Avalanche

5 vs 5 Forward 
   Center                   Left Wing                Right Wing               Time % Phy DF OF 
 1 Nick Schmaltz            Jake DeBrusk             David Pastrnak           40     1   1  3  
 2 Jeff Skinner             Jason Zucker             Jordan Eberle            30     1   1  3  
 3 Morgan Geekie            Alex Iafallo             Craig Smith              20     1   1  3  
 4 Tyler Johnson            Tomas Nosek              Nick Foligno             10     3   1  1  

5 vs 5 Defense 
   Defense                  Defense                                           Time % Phy DF OF 
 1 Derek Forbort            Patrik Nemeth                                     40     2   2  1  
 2 Tyson Barrie             Oliver Ekman-Larsson                              30     2   2  1  
 3 Derek Forbort            Patrik Nemeth                                     20     1   2  2  
 4 Tyson Barrie             Oliver Ekman-Larsson                              10     1   2  2  

PowerPlay Forward 
   Center                   Left Wing                Right Wing               Time % Phy DF OF 
 1 Nick Schmaltz            Jake DeBrusk             David Pastrnak           60     0   1  4  
 2 Jeff Skinner             Jason Zucker             Jordan Eberle            40     0   2  3  

PowerPlay Defense
   Defense                  Defense                                           Time % Phy DF OF 
 1 Tyson Barrie             Oliver Ekman-Larsson                              60     1   2  2  
 2 Zach Bogosian            Mark Pysyk                                        40     1   2  2  

Penalty Kill 4 Players Forward 
   Center                   Wing                     Time % Phy DF OF 
 1 Tomas Nosek              Alex Iafallo             60     1   2  2  
 2 Jeff Skinner             Nick Foligno             40     1   2  2  

Penalty Kill 4 Players Defense
   Defense                  Defense                  Time % Phy DF OF 
 1 Derek Forbort            Patrik Nemeth            60     1   2  2  
 2 Tyson Barrie             Zach Bogosian            40     1   2  2  

Penalty Kill - 3 Players Forward 
   Forward                                           Time % Phy DF OF 
 1 Nick Schmaltz                                     60     1   2  2  
 2 Jeff Skinner                                      40     1   2  2  

Penalty Kill - 3 Players Defense
   Defense                  Defense                  Time % Phy DF OF 
 1 Derek Forbort            Patrik Nemeth            60     1   2  2  
 2 Tyson Barrie             Zach Bogosian            40     1   2  2  

4 vs 4 Forward 
   Center                   Wing                     Time % Phy DF OF 
 1 Nick Schmaltz            Jake DeBrusk             60     1   2  2  
 2 Jeff Skinner             Jason Zucker             40     1   2  2  

4 vs 4 Defense
   Defense                  Defense                  Time % Phy DF OF 
 1 Derek Forbort            Patrik Nemeth            60     1   2  2  
 2 Zach Bogosian            Mark Pysyk               40     1   2  2  

Last Minutes Offensive
   Center                   Left Wing                Right Wing               Defense                  Defense                  
   Jeff Skinner             Jake DeBrusk             David Pastrnak           Tyson Barrie             Oliver Ekman-Larsson     

Last Minutes Defensive
   Center                   Left Wing                Right Wing               Defense                  Defense                  
   Jeff Skinner             Jake DeBrusk             David Pastrnak           Tyson Barrie             Oliver Ekman-Larsson     

Goaltenders
Starting : Jonathan Quick           
Backup : Magnus Hellberg          

Extra Forwards
Normal : David Pastrnak, Jake DeBrusk, Jordan Eberle - PP : Jordan Eberle, Alex Iafallo - PK : Nick Foligno
Extra Defensemen
Normal : Tyson Barrie, Derek Forbort, Patrik Nemeth - PP : Derek Forbort - PK : Derek Forbort, Patrik Nemeth
Penalty Shots
David Pastrnak, Jeff Skinner, Jake DeBrusk, Jordan Eberle, Jason Zucker

Scratches
Kris Russell (Healthy), Jordie Benn (Healthy), Zach Aston-Reese (Healthy)

EDMONTON Oilers

5 vs 5 Forward 
   Center                   Left Wing                Right Wing               Time % Phy DF OF 
 1 Dylan Cozens             Owen Tippett             Drake Batherson          35     1   1  3  
 2 Alex Wennberg            Kyle Palmieri            T.J. Oshie               28     1   1  3  
 3 Nico Sturm               Kent Johnson             Denis Gurianov           20     1   2  2  
 4 Leo Komarov              Milan Lucic              Nicolas Aube-Kubel       17     5   0  0  

5 vs 5 Defense 
   Defense                  Defense                                           Time % Phy DF OF 
 1 Moritz Seider            Alexander Romanov                                 46     1   2  2  
 2 Nikita Zaitsev           Tucker Poolman                                    34     1   2  2  
 3 Will Butcher             Michal Kempny                                     20     1   2  2  
 4 Moritz Seider            Alexander Romanov                                 0      1   2  2  

PowerPlay Forward 
   Center                   Left Wing                Right Wing               Time % Phy DF OF 
 1 Alex Wennberg            Dylan Cozens             Owen Tippett             60     1   2  2  
 2 Kent Johnson             Kyle Palmieri            Drake Batherson          40     1   2  2  

PowerPlay Defense
   Defense                  Defense                                           Time % Phy DF OF 
 1 Moritz Seider            Alexander Romanov                                 60     1   2  2  
 2 Nikita Zaitsev           Tucker Poolman                                    40     1   2  2  

Penalty Kill 4 Players Forward 
   Center                   Wing                     Time % Phy DF OF 
 1 Owen Tippett             Alex Wennberg            60     1   2  2  
 2 Dylan Cozens             Kyle Palmieri            40     1   2  2  

Penalty Kill 4 Players Defense
   Defense                  Defense                  Time % Phy DF OF 
 1 Moritz Seider            Alexander Romanov        60     1   2  2  
 2 Nikita Zaitsev           Will Butcher             40     1   2  2  

Penalty Kill - 3 Players Forward 
   Forward                                           Time % Phy DF OF 
 1 Owen Tippett                                      60     1   2  2  
 2 Alex Wennberg                                     40     1   2  2  

Penalty Kill - 3 Players Defense
   Defense                  Defense                  Time % Phy DF OF 
 1 Moritz Seider            Alexander Romanov        60     1   2  2  
 2 Nikita Zaitsev           Will Butcher             40     1   2  2  

4 vs 4 Forward 
   Center                   Wing                     Time % Phy DF OF 
 1 Owen Tippett             Alex Wennberg            60     1   2  2  
 2 Dylan Cozens             Kyle Palmieri            40     1   2  2  

4 vs 4 Defense
   Defense                  Defense                  Time % Phy DF OF 
 1 Moritz Seider            Alexander Romanov        60     1   2  2  
 2 Nikita Zaitsev           Tucker Poolman           40     1   2  2  

Last Minutes Offensive
   Center                   Left Wing                Right Wing               Defense                  Defense                  
   Alex Wennberg            Dylan Cozens             Owen Tippett             Moritz Seider            Alexander Romanov        

Last Minutes Defensive
   Center                   Left Wing                Right Wing               Defense                  Defense                  
   Alex Wennberg            Dylan Cozens             Owen Tippett             Moritz Seider            Alexander Romanov        

Goaltenders
Starting : Adin Hill                
Backup : Mikko Koskinen           

Extra Forwards
Normal : Alex Wennberg, Drake Batherson, T.J. Oshie - PP : Dylan Cozens, Kent Johnson - PK : T.J. Oshie
Extra Defensemen
Normal : Tucker Poolman, Will Butcher, Nikita Zaitsev - PP : Tucker Poolman - PK : Will Butcher, Nikita Zaitsev
Penalty Shots
Owen Tippett, Alex Wennberg, Dylan Cozens, Kyle Palmieri, Drake Batherson

Scratches
James Neal (Healthy)

% Time on Ice - COLORADO Avalanche

Lines # - Real PCT - Wanted PCT - Time Play
Normal Forward
1 - 37% - 40% - 16:13
2 - 30% - 30% - 13:12
3 - 21% - 20% - 9:05
4 - 13% - 10% - 5:34
Normal Defense
1 - 41% - 40% - 18:14
2 - 36% - 30% - 15:42
3 - 12% - 20% - 5:11
4 - 11% - 10% - 4:57
PP Forward
1 - 52% - 60% - 4:18
2 - 48% - 40% - 3:57
PP Defense
1 - 43% - 60% - 3:31
2 - 57% - 40% - 4:44
PK Forward
1 - 70% - 60% - 5:24
2 - 30% - 40% - 2:17
PK Defense
1 - 46% - 60% - 3:34
2 - 54% - 40% - 4:07
PK3 Forward
1 - 100% - 60% - 0:15
2 - 0% - 40% - 0:00
PK3 Defense
1 - 100% - 60% - 0:15
2 - 0% - 40% - 0:00
44 Forward
1 - 0% - 60%
2 - 0% - 40%
44 Defense
1 - 0% - 60%
2 - 0% - 40%
Last Minute Offensive  - 0:00
Last Minute Defensive  - 0:00
Total
Forward - 60:15
Defense - 60:15

% Time on Ice - EDMONTON Oilers

Lines # - Real PCT - Wanted PCT - Time Play
Normal Forward
1 - 33% - 35% - 14:25
2 - 25% - 28% - 10:53
3 - 18% - 20% - 7:56
4 - 25% - 17% - 10:50
Normal Defense
1 - 39% - 46% - 17:05
2 - 36% - 34% - 15:50
3 - 25% - 20% - 11:09
4 - 0% - 0% - 0:00
PP Forward
1 - 59% - 60% - 4:34
2 - 41% - 40% - 3:07
PP Defense
1 - 55% - 60% - 4:12
2 - 45% - 40% - 3:29
PK Forward
1 - 65% - 60% - 5:24
2 - 35% - 40% - 2:51
PK Defense
1 - 72% - 60% - 5:58
2 - 28% - 40% - 2:17
PK3 Forward
1 - 0% - 60%
2 - 0% - 40%
PK3 Defense
1 - 0% - 60%
2 - 0% - 40%
44 Forward
1 - 100% - 60% - 0:15
2 - 0% - 40% - 0:00
44 Defense
1 - 100% - 60% - 0:15
2 - 0% - 40% - 0:00
Last Minute Offensive  - 0:00
Last Minute Defensive  - 0:00
Total
Forward - 60:15
Defense - 60:15

Play-by-Play

1st period


0:01 of 1st period - Dylan Cozens wins face-off versus Nick Schmaltz in neutral zone.
0:18 of 1st period - Shot by David Pastrnak.
0:18 of 1st period - Shot Blocked by Moritz Seider.
0:20 of 1st period - Shot by David Pastrnak.
0:20 of 1st period - Shot Misses the Net.
0:27 of 1st period - Nick Schmaltz is hit by Moritz Seider.
0:42 of 1st period - Shot by David Pastrnak.
0:42 of 1st period - Stopped by Adin Hill without a rebound.
0:43 of 1st period - Alex Wennberg wins face-off versus Jeff Skinner in EDMONTON Oilers zone.
0:49 of 1st period - Shot by Jeff Skinner.
0:49 of 1st period - Stopped by Adin Hill without a rebound.
0:50 of 1st period - Nico Sturm wins face-off versus Morgan Geekie in EDMONTON Oilers zone.
1:07 of 1st period - Shot by Denis Gurianov.
1:07 of 1st period - Stopped by Jonathan Quick without a rebound.
1:08 of 1st period - Jeff Skinner wins face-off versus Alex Wennberg in COLORADO Avalanche zone.
1:10 of 1st period - Icing by Jason Zucker.
1:11 of 1st period - Jeff Skinner wins face-off versus Leo Komarov in COLORADO Avalanche zone.
1:11 of 1st period - Jeff Skinner is hit by Milan Lucic.
1:16 of 1st period - Derek Forbort is hit by Will Butcher and loses puck.
1:37 of 1st period - Shot by Jeff Skinner.
1:37 of 1st period - Shot Misses the Net.
1:56 of 1st period - Jordan Eberle is hit by Michal Kempny and loses puck.
3:00 of 1st period - Off-side.
3:01 of 1st period - Morgan Geekie wins face-off versus Alex Wennberg in neutral zone.
3:13 of 1st period - Minor Penalty to Alex Wennberg for Tripping.
3:14 of 1st period - Nick Schmaltz wins face-off versus Owen Tippett in EDMONTON Oilers zone.
3:15 of 1st period - Shot by David Pastrnak.
3:15 of 1st period - Stopped by Adin Hill with a rebound.
3:17 of 1st period - Shot by Mark Pysyk.
3:17 of 1st period - Stopped by Adin Hill with a rebound.
3:43 of 1st period - Shot by Nick Schmaltz.
3:43 of 1st period - Stopped by Adin Hill without a rebound.
3:44 of 1st period - Owen Tippett wins face-off versus Jeff Skinner in EDMONTON Oilers zone.
4:19 of 1st period - Shot by T.J. Oshie.
4:19 of 1st period - Stopped by Jonathan Quick without a rebound.
4:20 of 1st period - Owen Tippett wins face-off versus Nick Schmaltz in COLORADO Avalanche zone.
4:49 of 1st period - Shot by David Pastrnak.
4:49 of 1st period - Shot Misses the Net.
5:21 of 1st period - Shot by Kent Johnson.
5:21 of 1st period - Shot Misses the Net.
5:23 of 1st period - Shot by Tucker Poolman.
5:23 of 1st period - Shot Misses the Net.
5:25 of 1st period - Shot by Nikita Zaitsev.
5:25 of 1st period - Stopped by Jonathan Quick without a rebound.
5:26 of 1st period - Jeff Skinner wins face-off versus Alex Wennberg in COLORADO Avalanche zone.
5:37 of 1st period - Shot by Jordan Eberle.
5:37 of 1st period - Stopped by Adin Hill without a rebound.
5:38 of 1st period - Nico Sturm wins face-off versus Morgan Geekie in EDMONTON Oilers zone.
6:42 of 1st period - Patrik Nemeth is hit by Owen Tippett and loses puck.
6:53 of 1st period - Shot by Dylan Cozens.
6:53 of 1st period - Stopped by Jonathan Quick without a rebound.
6:54 of 1st period - Alex Wennberg wins face-off versus Nick Schmaltz in COLORADO Avalanche zone.
6:54 of 1st period - Alex Wennberg is hit by Tyson Barrie.
7:01 of 1st period - Kyle Palmieri is hit by Oliver Ekman-Larsson and loses puck.
7:15 of 1st period - David Pastrnak is hit by Will Butcher and loses puck.
7:25 of 1st period - Nick Schmaltz is hit by Michal Kempny and loses puck.
7:34 of 1st period - Shot by David Pastrnak.
7:34 of 1st period - Shot Misses the Net.
7:36 of 1st period - Shot by David Pastrnak.
7:36 of 1st period - Shot Misses the Net.
7:38 of 1st period - Shot by Oliver Ekman-Larsson.
7:38 of 1st period - Stopped by Adin Hill without a rebound.
7:39 of 1st period - Jeff Skinner wins face-off versus Dylan Cozens in EDMONTON Oilers zone.
8:04 of 1st period - Drake Batherson is hit by Jeff Skinner and loses puck.
8:20 of 1st period - Icing by Owen Tippett.
8:21 of 1st period - Tyler Johnson wins face-off versus Dylan Cozens in EDMONTON Oilers zone.
8:31 of 1st period - Icing by Dylan Cozens.
8:32 of 1st period - Dylan Cozens wins face-off versus Nick Schmaltz in EDMONTON Oilers zone.
9:16 of 1st period - Icing by Tucker Poolman.
9:17 of 1st period - Jeff Skinner wins face-off versus Dylan Cozens in EDMONTON Oilers zone.
9:36 of 1st period - Shot by Jordan Eberle.
9:36 of 1st period - Shot Blocked by Moritz Seider.
9:39 of 1st period - Icing by Alexander Romanov.
9:40 of 1st period - Alex Wennberg wins face-off versus Morgan Geekie in EDMONTON Oilers zone.
9:40 of 1st period - Alex Wennberg is hit by Morgan Geekie.
9:58 of 1st period - Shot by Morgan Geekie.
9:58 of 1st period - Shot Misses the Net.
10:27 of 1st period - Moritz Seider is hit by Tyson Barrie.
10:34 of 1st period - Icing by Nick Schmaltz.
10:35 of 1st period - Nico Sturm wins face-off versus Jake DeBrusk in COLORADO Avalanche zone.
10:35 of 1st period - Kent Johnson is hit by Tyson Barrie and loses puck.
10:40 of 1st period - Shot by Kent Johnson.
10:40 of 1st period - Shot Blocked by Tyson Barrie.
10:45 of 1st period - Denis Gurianov is hit by Oliver Ekman-Larsson and loses puck.
10:50 of 1st period - Shot by Nico Sturm.
10:50 of 1st period - Deflect By Kent Johnson.
10:50 of 1st period - Shot Blocked by Oliver Ekman-Larsson.
10:52 of 1st period - Shot by Nico Sturm.
10:52 of 1st period - Goal by Nico Sturm - COLORADO Avalanche : 0 - EDMONTON Oilers : 1.
10:53 of 1st period - Leo Komarov wins face-off versus Jeff Skinner in neutral zone.
10:57 of 1st period - Nicolas Aube-Kubel is hit by Tyson Barrie and loses puck.
11:12 of 1st period - Shot by Nicolas Aube-Kubel.
11:12 of 1st period - Shot Misses the Net.
11:20 of 1st period - Shot by Jeff Skinner.
11:20 of 1st period - Shot Misses the Net.
11:22 of 1st period - Shot by Jason Zucker.
11:22 of 1st period - Stopped by Adin Hill with a rebound.
11:26 of 1st period - Shot by Jeff Skinner.
11:26 of 1st period - Shot Misses the Net.
11:44 of 1st period - Shot by Derek Forbort.
11:44 of 1st period - Shot Misses the Net.
11:46 of 1st period - Shot by David Pastrnak.
11:46 of 1st period - Shot Misses the Net.
12:02 of 1st period - Shot by David Pastrnak.
12:02 of 1st period - Stopped by Adin Hill without a rebound.
12:03 of 1st period - Dylan Cozens wins face-off versus Tyler Johnson in EDMONTON Oilers zone.
12:12 of 1st period - Shot by Owen Tippett.
12:12 of 1st period - Deflect By Dylan Cozens.
12:12 of 1st period - Shot Misses the Net.
12:20 of 1st period - Shot by Tyler Johnson.
12:20 of 1st period - Stopped by Adin Hill without a rebound.
12:21 of 1st period - Jake DeBrusk wins face-off versus Alex Wennberg in EDMONTON Oilers zone.
12:35 of 1st period - David Pastrnak is hit by Michal Kempny.
13:17 of 1st period - Shot by Drake Batherson.
13:17 of 1st period - Stopped by Jonathan Quick without a rebound.
13:18 of 1st period - Tyler Johnson wins face-off versus Dylan Cozens in COLORADO Avalanche zone.
13:26 of 1st period - Icing by Alexander Romanov.
13:27 of 1st period - Dylan Cozens wins face-off versus Jeff Skinner in EDMONTON Oilers zone.
15:06 of 1st period - Nikita Zaitsev is hit by David Pastrnak and loses puck.
15:14 of 1st period - Shot by Nico Sturm.
15:14 of 1st period - Stopped by Jonathan Quick with a rebound.
15:16 of 1st period - Shot by Nikita Zaitsev.
15:16 of 1st period - Stopped by Jonathan Quick with a rebound.
15:18 of 1st period - Shot by Denis Gurianov.
15:18 of 1st period - Shot Blocked by Tyson Barrie.
15:20 of 1st period - Shot by Nikita Zaitsev.
15:20 of 1st period - Shot Blocked by Tyson Barrie.
15:22 of 1st period - Shot by Kent Johnson.
15:22 of 1st period - Stopped by Jonathan Quick without a rebound.
15:23 of 1st period - Alex Wennberg wins face-off versus Alex Iafallo in COLORADO Avalanche zone.
15:54 of 1st period - Will Butcher is hit by Alex Iafallo and loses puck.
17:00 of 1st period - Shot by Nick Foligno.
17:00 of 1st period - Stopped by Adin Hill with a rebound.
17:41 of 1st period - Icing by Derek Forbort.
17:42 of 1st period - Dylan Cozens wins face-off versus David Pastrnak in COLORADO Avalanche zone.
17:54 of 1st period - Minor Penalty to Moritz Seider for Tripping.
17:55 of 1st period - Jeff Skinner wins face-off versus Owen Tippett in EDMONTON Oilers zone.
18:14 of 1st period - Shot by Zach Bogosian.
18:14 of 1st period - Shot Misses the Net.
18:21 of 1st period - Icing by Zach Bogosian.
18:22 of 1st period - Owen Tippett wins face-off versus Jordan Eberle in COLORADO Avalanche zone.
18:34 of 1st period - Shot by Jordan Eberle.
18:34 of 1st period - Stopped by Adin Hill without a rebound.
18:35 of 1st period - Nick Schmaltz wins face-off versus Owen Tippett in EDMONTON Oilers zone.
18:38 of 1st period - Shot by Nick Schmaltz.
18:38 of 1st period - Shot Misses the Net.
18:48 of 1st period - Shot by Alex Wennberg.
18:48 of 1st period - Shot Blocked by Oliver Ekman-Larsson.
Goals for this period are 0 for COLORADO Avalanche vs 1 for EDMONTON Oilers.
Shots for this period are 12 for COLORADO Avalanche vs 9 for EDMONTON Oilers.

2nd period


0:01 of 2nd period - Nick Schmaltz wins face-off versus Dylan Cozens in neutral zone.
0:01 of 2nd period - Nick Schmaltz is hit by Drake Batherson.
0:05 of 2nd period - Moritz Seider is hit by Jake DeBrusk and loses puck.
0:19 of 2nd period - Shot by Nick Schmaltz.
0:19 of 2nd period - Stopped by Adin Hill without a rebound.
0:20 of 2nd period - Jeff Skinner wins face-off versus Alex Wennberg in EDMONTON Oilers zone.
0:49 of 2nd period - Shot by Kyle Palmieri.
0:49 of 2nd period - Stopped by Jonathan Quick without a rebound.
0:50 of 2nd period - Nick Schmaltz wins face-off versus Dylan Cozens in COLORADO Avalanche zone.
1:09 of 2nd period - Shot by Jake DeBrusk.
1:09 of 2nd period - Stopped by Adin Hill without a rebound.
1:10 of 2nd period - Morgan Geekie wins face-off versus Nico Sturm in EDMONTON Oilers zone.
1:14 of 2nd period - Alex Iafallo is hit by Michal Kempny and loses puck.
1:25 of 2nd period - Shot by Craig Smith.
1:25 of 2nd period - Stopped by Adin Hill without a rebound.
1:26 of 2nd period - Dylan Cozens wins face-off versus Nick Schmaltz in EDMONTON Oilers zone.
1:38 of 2nd period - Minor Penalty to Moritz Seider for Roughing.
1:39 of 2nd period - Jeff Skinner wins face-off versus Owen Tippett in EDMONTON Oilers zone.
1:44 of 2nd period - Shot by Jeff Skinner.
1:44 of 2nd period - Shot Blocked by Nikita Zaitsev.
1:46 of 2nd period - Shot by Jeff Skinner.
1:46 of 2nd period - Shot Misses the Net.
1:48 of 2nd period - Shot by Tyson Barrie.
1:48 of 2nd period - Stopped by Adin Hill without a rebound.
1:49 of 2nd period - Owen Tippett wins face-off versus Nick Schmaltz in EDMONTON Oilers zone.
1:49 of 2nd period - Alexander Romanov is hit by David Pastrnak and loses puck.
2:47 of 2nd period - Shot by Zach Bogosian.
2:47 of 2nd period - Shot Misses the Net.
2:49 of 2nd period - Shot by Jason Zucker.
2:49 of 2nd period - Shot Misses the Net.
2:51 of 2nd period - Shot by Jason Zucker.
2:51 of 2nd period - Stopped by Adin Hill without a rebound.
2:52 of 2nd period - Jeff Skinner wins face-off versus Dylan Cozens in EDMONTON Oilers zone.
3:40 of 2nd period - Patrik Nemeth is hit by Nico Sturm.
3:48 of 2nd period - Shot by Nico Sturm.
3:48 of 2nd period - Stopped by Jonathan Quick with a rebound.
4:41 of 2nd period - Oliver Ekman-Larsson is hit by Milan Lucic and loses puck.
4:51 of 2nd period - Icing by Oliver Ekman-Larsson.
4:52 of 2nd period - Nick Schmaltz wins face-off versus Dylan Cozens in COLORADO Avalanche zone.
4:59 of 2nd period - Owen Tippett is hit by David Pastrnak and loses puck.
5:15 of 2nd period - Shot by Jake DeBrusk.
5:15 of 2nd period - Shot Misses the Net.
5:51 of 2nd period - Shot by Jeff Skinner.
5:51 of 2nd period - Stopped by Adin Hill without a rebound.
5:52 of 2nd period - Nico Sturm wins face-off versus Morgan Geekie in EDMONTON Oilers zone.
6:00 of 2nd period - Shot by Kent Johnson.
6:00 of 2nd period - Stopped by Jonathan Quick without a rebound.
6:01 of 2nd period - Jeff Skinner wins face-off versus Alex Wennberg in COLORADO Avalanche zone.
6:07 of 2nd period - Icing by Tyson Barrie.
6:08 of 2nd period - Jeff Skinner wins face-off versus Alex Wennberg in COLORADO Avalanche zone.
6:20 of 2nd period - Kyle Palmieri is hit by Jeff Skinner.
6:51 of 2nd period - Shot by T.J. Oshie.
6:51 of 2nd period - Stopped by Jonathan Quick without a rebound.
6:52 of 2nd period - Nick Schmaltz wins face-off versus Dylan Cozens in COLORADO Avalanche zone.
6:52 of 2nd period - David Pastrnak is hit by Dylan Cozens and loses puck.
7:12 of 2nd period - Shot by Moritz Seider.
7:12 of 2nd period - Deflect By Dylan Cozens.
7:12 of 2nd period - Shot Misses the Net.
7:26 of 2nd period - Shot by Dylan Cozens.
7:26 of 2nd period - Shot Misses the Net.
7:28 of 2nd period - Shot by Drake Batherson.
7:28 of 2nd period - Stopped by Jonathan Quick without a rebound.
7:29 of 2nd period - Nico Sturm wins face-off versus Morgan Geekie in COLORADO Avalanche zone.
8:09 of 2nd period - Morgan Geekie is hit by Nico Sturm.
8:16 of 2nd period - Icing by Will Butcher.
8:17 of 2nd period - Nick Schmaltz wins face-off versus Nico Sturm in EDMONTON Oilers zone.
8:41 of 2nd period - Shot by Owen Tippett.
8:41 of 2nd period - Shot Blocked by Patrik Nemeth.
8:43 of 2nd period - Shot by Drake Batherson.
8:43 of 2nd period - Shot Misses the Net.
8:49 of 2nd period - Shot by Dylan Cozens.
8:49 of 2nd period - Shot Blocked by Nick Schmaltz.
8:51 of 2nd period - Shot by Dylan Cozens.
8:51 of 2nd period - Shot Misses the Net.
8:53 of 2nd period - Shot by Alexander Romanov.
8:53 of 2nd period - Shot Hit the Post.
9:02 of 2nd period - Shot by Owen Tippett.
9:02 of 2nd period - Stopped by Jonathan Quick with a rebound.
9:04 of 2nd period - Shot by Moritz Seider.
9:04 of 2nd period - Stopped by Jonathan Quick without a rebound.
9:05 of 2nd period - Jeff Skinner wins face-off versus Alex Wennberg in COLORADO Avalanche zone.
9:24 of 2nd period - Shot by T.J. Oshie.
9:24 of 2nd period - Shot Misses the Net.
9:26 of 2nd period - Shot by T.J. Oshie.
9:26 of 2nd period - Deflect By Alex Wennberg.
9:26 of 2nd period - Shot Hit the Post.
9:28 of 2nd period - Shot by Alex Wennberg.
9:28 of 2nd period - Stopped by Jonathan Quick without a rebound.
9:29 of 2nd period - Tyler Johnson wins face-off versus Leo Komarov in COLORADO Avalanche zone.
9:43 of 2nd period - Icing by Alexander Romanov.
9:44 of 2nd period - Nicolas Aube-Kubel wins face-off versus Jeff Skinner in EDMONTON Oilers zone.
9:44 of 2nd period - Nicolas Aube-Kubel is hit by Jeff Skinner.
9:51 of 2nd period - Jason Zucker is hit by Moritz Seider and loses puck.
10:19 of 2nd period - Minor Penalty to Jason Zucker for Tripping.
10:20 of 2nd period - Alex Wennberg wins face-off versus Tomas Nosek in COLORADO Avalanche zone.
11:04 of 2nd period - Shot by Nikita Zaitsev.
11:04 of 2nd period - Stopped by Jonathan Quick without a rebound.
11:05 of 2nd period - Tomas Nosek wins face-off versus Kent Johnson in COLORADO Avalanche zone.
11:05 of 2nd period - Tomas Nosek is hit by Kyle Palmieri.
11:15 of 2nd period - Shot by Jeff Skinner.
11:15 of 2nd period - Stopped by Adin Hill with a rebound.
11:28 of 2nd period - Kyle Palmieri is hit by Derek Forbort and loses puck.
11:39 of 2nd period - Shot by Moritz Seider.
11:39 of 2nd period - Stopped by Jonathan Quick without a rebound.
11:40 of 2nd period - Tomas Nosek wins face-off versus Alex Wennberg in COLORADO Avalanche zone.
12:32 of 2nd period - Off-side.
12:33 of 2nd period - Jeff Skinner wins face-off versus Nico Sturm in neutral zone.
12:36 of 2nd period - Nico Sturm is hit by Jeff Skinner and loses puck.
12:48 of 2nd period - Shot by Jordan Eberle.
12:48 of 2nd period - Stopped by Adin Hill with a rebound.
13:31 of 2nd period - Minor Penalty to Will Butcher for Roughing.
13:32 of 2nd period - Nick Schmaltz wins face-off versus Owen Tippett in EDMONTON Oilers zone.
13:50 of 2nd period - Shot by David Pastrnak.
13:50 of 2nd period - Goal by David Pastrnak - COLORADO Avalanche : 1 - EDMONTON Oilers : 1.
13:51 of 2nd period - Morgan Geekie wins face-off versus Leo Komarov in neutral zone.
14:02 of 2nd period - Shot by Morgan Geekie.
14:02 of 2nd period - Shot Misses the Net.
14:04 of 2nd period - Shot by Derek Forbort.
14:04 of 2nd period - Shot Misses the Net.
14:08 of 2nd period - Shot by Alex Iafallo.
14:08 of 2nd period - Shot Misses the Net.
14:10 of 2nd period - Shot by Craig Smith.
14:10 of 2nd period - Shot Misses the Net.
14:12 of 2nd period - Shot by Alex Iafallo.
14:12 of 2nd period - Shot Blocked by Nikita Zaitsev.
14:37 of 2nd period - Icing by Derek Forbort.
14:38 of 2nd period - Owen Tippett wins face-off versus Morgan Geekie in COLORADO Avalanche zone.
15:36 of 2nd period - Owen Tippett is hit by David Pastrnak and loses puck.
15:57 of 2nd period - Shot by Jeff Skinner.
15:57 of 2nd period - Shot Misses the Net.
16:52 of 2nd period - Off-side.
16:53 of 2nd period - Nico Sturm wins face-off versus Morgan Geekie in neutral zone.
17:07 of 2nd period - Shot by Craig Smith.
17:07 of 2nd period - Deflect By Alex Iafallo.
17:07 of 2nd period - Stopped by Adin Hill with a rebound.
17:09 of 2nd period - Shot by Craig Smith.
17:09 of 2nd period - Stopped by Adin Hill without a rebound.
17:10 of 2nd period - Alex Wennberg wins face-off versus Nick Schmaltz in EDMONTON Oilers zone.
17:29 of 2nd period - Shot by Kyle Palmieri.
17:29 of 2nd period - Stopped by Jonathan Quick without a rebound.
17:30 of 2nd period - Nico Sturm wins face-off versus Jason Zucker in COLORADO Avalanche zone.
17:35 of 2nd period - Shot by Kent Johnson.
17:35 of 2nd period - Shot Misses the Net.
17:47 of 2nd period - Shot by Jason Zucker.
17:47 of 2nd period - Stopped by Adin Hill with a rebound.
17:49 of 2nd period - Shot by Jordan Eberle.
17:49 of 2nd period - Shot Misses the Net.
18:44 of 2nd period - Icing by Nikita Zaitsev.
18:45 of 2nd period - Morgan Geekie wins face-off versus Alex Wennberg in EDMONTON Oilers zone.
18:45 of 2nd period - Craig Smith is hit by Nikita Zaitsev and loses puck.
19:03 of 2nd period - Craig Smith is hit by Nikita Zaitsev and loses puck.
19:29 of 2nd period - Patrik Nemeth is hit by Alexander Romanov and loses puck.
19:53 of 2nd period - Icing by Patrik Nemeth.
19:54 of 2nd period - Morgan Geekie wins face-off versus Dylan Cozens in COLORADO Avalanche zone.
Goals for this period are 1 for COLORADO Avalanche vs 0 for EDMONTON Oilers.
Shots for this period are 12 for COLORADO Avalanche vs 11 for EDMONTON Oilers.

3rd period


0:01 of 3rd period - Nick Schmaltz wins face-off versus Dylan Cozens in neutral zone.
0:01 of 3rd period - Nick Schmaltz is hit by Drake Batherson.
0:11 of 3rd period - Icing by Moritz Seider.
0:12 of 3rd period - Jeff Skinner wins face-off versus Dylan Cozens in EDMONTON Oilers zone.
0:12 of 3rd period - Jeff Skinner is hit by Alexander Romanov.
0:34 of 3rd period - Minor Penalty to Drake Batherson for Slashing.
0:35 of 3rd period - Owen Tippett wins face-off versus Nick Schmaltz in EDMONTON Oilers zone.
0:56 of 3rd period - Shot by Jake DeBrusk.
0:56 of 3rd period - Shot Misses the Net.
0:58 of 3rd period - Shot by David Pastrnak.
0:58 of 3rd period - Stopped by Adin Hill with a rebound.
1:00 of 3rd period - Shot by David Pastrnak.
1:00 of 3rd period - Stopped by Adin Hill without a rebound.
1:01 of 3rd period - Jeff Skinner wins face-off versus Owen Tippett in EDMONTON Oilers zone.
1:02 of 3rd period - Shot by Tyson Barrie.
1:02 of 3rd period - Shot Misses the Net.
1:33 of 3rd period - Tyson Barrie is hit by Kyle Palmieri and loses puck.
1:53 of 3rd period - Icing by Jeff Skinner.
1:54 of 3rd period - Jeff Skinner wins face-off versus Owen Tippett in COLORADO Avalanche zone.
2:12 of 3rd period - Off-side.
2:13 of 3rd period - Owen Tippett wins face-off versus Nick Schmaltz in neutral zone.
2:39 of 3rd period - Tomas Nosek is hit by Nikita Zaitsev and loses puck.
3:09 of 3rd period - Tucker Poolman is hit by Patrik Nemeth and loses puck.
3:21 of 3rd period - Tyler Johnson is hit by Nikita Zaitsev and loses puck.
3:32 of 3rd period - Shot by David Pastrnak.
3:32 of 3rd period - Shot Misses the Net.
3:34 of 3rd period - Shot by Tyson Barrie.
3:34 of 3rd period - Stopped by Adin Hill without a rebound.
3:35 of 3rd period - Dylan Cozens wins face-off versus Nick Schmaltz in EDMONTON Oilers zone.
3:42 of 3rd period - Owen Tippett is hit by Tyson Barrie and loses puck.
3:51 of 3rd period - Shot by Drake Batherson.
3:51 of 3rd period - Stopped by Jonathan Quick with a rebound.
3:53 of 3rd period - Shot by Dylan Cozens.
3:53 of 3rd period - Stopped by Jonathan Quick without a rebound.
3:54 of 3rd period - Alex Wennberg wins face-off versus Jeff Skinner in COLORADO Avalanche zone.
3:54 of 3rd period - Minor Penalty to Tyson Barrie for Interference.
3:55 of 3rd period - Alex Wennberg wins face-off versus Tomas Nosek in COLORADO Avalanche zone.
4:02 of 3rd period - Shot by Dylan Cozens.
4:02 of 3rd period - Stopped by Jonathan Quick without a rebound.
4:03 of 3rd period - Tomas Nosek wins face-off versus Alex Wennberg in COLORADO Avalanche zone.
4:44 of 3rd period - Shot by Moritz Seider.
4:44 of 3rd period - Shot Misses the Net.
5:20 of 3rd period - Drake Batherson is hit by Patrik Nemeth and loses puck.
5:29 of 3rd period - Shot by Kent Johnson.
5:29 of 3rd period - Stopped by Jonathan Quick with a rebound.
5:33 of 3rd period - Shot by Tucker Poolman.
5:33 of 3rd period - Shot Misses the Net.
6:14 of 3rd period - Shot by Oliver Ekman-Larsson.
6:14 of 3rd period - Stopped by Adin Hill with a rebound.
6:52 of 3rd period - Shot by Alex Iafallo.
6:52 of 3rd period - Shot Misses the Net.
6:54 of 3rd period - Shot by Craig Smith.
6:54 of 3rd period - Shot Misses the Net.
8:12 of 3rd period - Icing by Tyler Johnson.
8:13 of 3rd period - Alex Wennberg wins face-off versus Tyler Johnson in COLORADO Avalanche zone.
8:45 of 3rd period - Shot by Kyle Palmieri.
8:45 of 3rd period - Stopped by Jonathan Quick without a rebound.
8:46 of 3rd period - Nick Schmaltz wins face-off versus Dylan Cozens in COLORADO Avalanche zone.
9:53 of 3rd period - Tucker Poolman is hit by Jason Zucker and loses puck.
10:02 of 3rd period - Shot by Jeff Skinner.
10:02 of 3rd period - Stopped by Adin Hill with a rebound.
10:05 of 3rd period - Jason Zucker is hit by Tucker Poolman and loses puck.
10:10 of 3rd period - Shot by Jordan Eberle.
10:10 of 3rd period - Stopped by Adin Hill without a rebound.
10:11 of 3rd period - Morgan Geekie wins face-off versus Nico Sturm in EDMONTON Oilers zone.
10:11 of 3rd period - Morgan Geekie is hit by Moritz Seider.
10:13 of 3rd period - Shot by Tyson Barrie.
10:13 of 3rd period - Shot Blocked by Moritz Seider.
10:21 of 3rd period - Shot by Tyson Barrie.
10:21 of 3rd period - Stopped by Adin Hill without a rebound.
10:22 of 3rd period - Denis Gurianov wins face-off versus Tyler Johnson in EDMONTON Oilers zone.
10:27 of 3rd period - Shot by Nikita Zaitsev.
10:27 of 3rd period - Shot Misses the Net.
10:31 of 3rd period - Shot by Nico Sturm.
10:31 of 3rd period - Stopped by Jonathan Quick without a rebound.
10:32 of 3rd period - Dylan Cozens wins face-off versus Jeff Skinner in COLORADO Avalanche zone.
10:38 of 3rd period - Tyson Barrie is hit by Owen Tippett and loses puck.
10:50 of 3rd period - Jeff Skinner is hit by Moritz Seider and loses puck.
10:53 of 3rd period - Shot by Jason Zucker.
10:53 of 3rd period - Shot Misses the Net.
10:55 of 3rd period - Shot by Jordan Eberle.
10:55 of 3rd period - Stopped by Adin Hill with a rebound.
11:28 of 3rd period - Moritz Seider is hit by Derek Forbort and loses puck.
12:01 of 3rd period - Shot by Alex Wennberg.
12:01 of 3rd period - Shot Misses the Net.
12:02 of 3rd period - Minor Penalty to Patrik Nemeth for High sticking.
12:03 of 3rd period - Kent Johnson wins face-off versus Tomas Nosek in COLORADO Avalanche zone.
12:10 of 3rd period - Shot by Drake Batherson.
12:10 of 3rd period - Stopped by Jonathan Quick without a rebound.
12:11 of 3rd period - Tomas Nosek wins face-off versus Alex Wennberg in COLORADO Avalanche zone.
12:17 of 3rd period - Icing by Dylan Cozens.
12:18 of 3rd period - Alex Wennberg wins face-off versus Alex Iafallo in EDMONTON Oilers zone.
12:18 of 3rd period - Alex Wennberg is hit by Tomas Nosek.
12:40 of 3rd period - Shot by Alex Wennberg.
12:40 of 3rd period - Deflect By Dylan Cozens.
12:40 of 3rd period - Shot Blocked by Derek Forbort.
12:42 of 3rd period - Shot by Nikita Zaitsev.
12:42 of 3rd period - Shot Blocked by Derek Forbort.
12:44 of 3rd period - Shot by Nikita Zaitsev.
12:44 of 3rd period - Shot Misses the Net.
12:46 of 3rd period - Shot by Dylan Cozens.
12:46 of 3rd period - Stopped by Jonathan Quick without a rebound.
12:47 of 3rd period - Tomas Nosek wins face-off versus Kent Johnson in COLORADO Avalanche zone.
12:47 of 3rd period - Tomas Nosek is hit by Kyle Palmieri.
13:11 of 3rd period - Shot by Alex Iafallo.
13:11 of 3rd period - Stopped by Adin Hill without a rebound.
13:12 of 3rd period - Jeff Skinner wins face-off versus Alex Wennberg in EDMONTON Oilers zone.
13:14 of 3rd period - Nick Foligno is hit by Moritz Seider and loses puck.
14:08 of 3rd period - Icing by Michal Kempny.
14:09 of 3rd period - Leo Komarov wins face-off versus Nick Schmaltz in EDMONTON Oilers zone.
14:22 of 3rd period - Shot by Nicolas Aube-Kubel.
14:22 of 3rd period - Stopped by Jonathan Quick with a rebound.
14:29 of 3rd period - Off-side.
14:30 of 3rd period - Jeff Skinner wins face-off versus Nico Sturm in neutral zone.
15:37 of 3rd period - Tyson Barrie is hit by Alexander Romanov and loses puck.
15:45 of 3rd period - Off-side.
15:46 of 3rd period - Dylan Cozens wins face-off versus Morgan Geekie in neutral zone.
15:55 of 3rd period - Shot by Drake Batherson.
15:55 of 3rd period - Stopped by Jonathan Quick without a rebound.
15:56 of 3rd period - Tyler Johnson wins face-off versus T.J. Oshie in COLORADO Avalanche zone.
16:25 of 3rd period - Shot by T.J. Oshie.
16:25 of 3rd period - Shot Misses the Net.
16:31 of 3rd period - Shot by Tyler Johnson.
16:31 of 3rd period - Shot Blocked by Moritz Seider.
17:08 of 3rd period - Shot by David Pastrnak.
17:08 of 3rd period - Shot Blocked by Nikita Zaitsev.
17:13 of 3rd period - David Pastrnak is hit by Nikita Zaitsev and loses puck.
17:24 of 3rd period - Shot by David Pastrnak.
17:24 of 3rd period - Shot Misses the Net.
18:15 of 3rd period - Minor Penalty to Craig Smith for Hooking.
18:16 of 3rd period - Tomas Nosek wins face-off versus Kent Johnson in COLORADO Avalanche zone.
19:15 of 3rd period - Shot by Tomas Nosek.
19:15 of 3rd period - Stopped by Adin Hill without a rebound.
19:16 of 3rd period - Alex Wennberg wins face-off versus Tomas Nosek in EDMONTON Oilers zone.
19:18 of 3rd period - Icing by Dylan Cozens.
19:19 of 3rd period - Alex Wennberg wins face-off versus Tomas Nosek in EDMONTON Oilers zone.
19:26 of 3rd period - Zach Bogosian is hit by Alex Wennberg.
19:32 of 3rd period - Shot by Dylan Cozens.
19:32 of 3rd period - Stopped by Jonathan Quick without a rebound.
19:33 of 3rd period - Tomas Nosek wins face-off versus Kent Johnson in COLORADO Avalanche zone.
19:47 of 3rd period - Icing by Nikita Zaitsev.
19:48 of 3rd period - Tomas Nosek wins face-off versus Kyle Palmieri in EDMONTON Oilers zone.
19:59 of 3rd period - Shot by Tomas Nosek.
19:59 of 3rd period - Shot Blocked by Tucker Poolman.
Goals for this period are 0 for COLORADO Avalanche vs 0 for EDMONTON Oilers.
Shots for this period are 10 for COLORADO Avalanche vs 11 for EDMONTON Oilers.

Overtime #1


0:01 of 1st overtime period - Owen Tippett wins face-off versus Nick Schmaltz in neutral zone.
1:38 of 1st overtime period - Shot by Nick Foligno.
1:38 of 1st overtime period - Stopped by Adin Hill without a rebound.
1:39 of 1st overtime period - Tomas Nosek wins face-off versus Alex Wennberg in EDMONTON Oilers zone.
2:00 of 1st overtime period - Shot by Tomas Nosek.
2:00 of 1st overtime period - Stopped by Adin Hill without a rebound.
2:01 of 1st overtime period - Tomas Nosek wins face-off versus Alex Wennberg in EDMONTON Oilers zone.
2:02 of 1st overtime period - Shot by Alex Iafallo.
2:02 of 1st overtime period - Stopped by Adin Hill without a rebound.
2:03 of 1st overtime period - Tomas Nosek wins face-off versus Alex Wennberg in EDMONTON Oilers zone.
2:08 of 1st overtime period - Shot by Alex Iafallo.
2:08 of 1st overtime period - Shot Misses the Net.
3:12 of 1st overtime period - Shot by Milan Lucic.
3:12 of 1st overtime period - Stopped by Jonathan Quick without a rebound.
3:13 of 1st overtime period - Alex Wennberg wins face-off versus Nick Foligno in COLORADO Avalanche zone.
3:18 of 1st overtime period - Shot by Leo Komarov.
3:18 of 1st overtime period - Shot Misses the Net.
3:28 of 1st overtime period - Shot by Leo Komarov.
3:28 of 1st overtime period - Stopped by Jonathan Quick without a rebound.
3:29 of 1st overtime period - Alex Wennberg wins face-off versus Tomas Nosek in COLORADO Avalanche zone.
3:42 of 1st overtime period - Shot by Denis Gurianov.
3:42 of 1st overtime period - Shot Misses the Net.
3:44 of 1st overtime period - Shot by Alex Wennberg.
3:44 of 1st overtime period - Stopped by Jonathan Quick with a rebound.
3:46 of 1st overtime period - Shot by Alex Wennberg.
3:46 of 1st overtime period - Stopped by Jonathan Quick without a rebound.
3:47 of 1st overtime period - Tomas Nosek wins face-off versus Alex Wennberg in COLORADO Avalanche zone.
4:09 of 1st overtime period - Shot by Alex Iafallo.
4:09 of 1st overtime period - Shot Blocked by Nikita Zaitsev.
Goals for this period are 0 for COLORADO Avalanche vs 0 for EDMONTON Oilers.
Shots for this period are 3 for COLORADO Avalanche vs 4 for EDMONTON Oilers.

ShootOut


5:00 of 1st overtime period - Round #1.
5:00 of 1st overtime period - COLORADO Avalanche, David Pastrnak.
5:00 of 1st overtime period - Goal by David Pastrnak.
5:00 of 1st overtime period - EDMONTON Oilers, Owen Tippett.
5:00 of 1st overtime period - Goal by Owen Tippett.
5:00 of 1st overtime period - Round #2.
5:00 of 1st overtime period - COLORADO Avalanche, Jeff Skinner.
5:00 of 1st overtime period - Stopped by Adin Hill.
5:00 of 1st overtime period - EDMONTON Oilers, Alex Wennberg.
5:00 of 1st overtime period - Stopped by Jonathan Quick.
5:00 of 1st overtime period - Round #3.
5:00 of 1st overtime period - COLORADO Avalanche, Jake DeBrusk.
5:00 of 1st overtime period - Stopped by Adin Hill.
5:00 of 1st overtime period - EDMONTON Oilers, Dylan Cozens.
5:00 of 1st overtime period - Shot Misses the Net.
5:00 of 1st overtime period - Round #4.
5:00 of 1st overtime period - COLORADO Avalanche, Jordan Eberle.
5:00 of 1st overtime period - Stopped by Adin Hill.
5:00 of 1st overtime period - EDMONTON Oilers, Kyle Palmieri.
5:00 of 1st overtime period - Shot Misses the Net.
5:00 of 1st overtime period - Round #5.
5:00 of 1st overtime period - COLORADO Avalanche, Jason Zucker.
5:00 of 1st overtime period - Stopped by Adin Hill.
5:00 of 1st overtime period - EDMONTON Oilers, Drake Batherson.
5:00 of 1st overtime period - Goal by Drake Batherson. Output by the SimonT Hockey Simulator (STHS) for Martin Benoit - Original Page W3C HTML5 Valid
Hockey Simulator - Hockey Simulation - Hockey Manager